 Dungeon Crawl Stone Soup version 0.29.1-13-g9f3cf754e1 (webtiles) character file.

Game seed: 15826287546251343130

16 hbarley the Trooper (level 2, -1/27 HPs)
             Began as a Hill Orc Fighter on Jan 30, 2023.
             Slain by a gnoll
             ... wielding a +2 halberd of protection
              (6 damage)
             ... on level 2 of the Dungeon.
             The game lasted 00:03:17 (1408 turns).

hbarley the Trooper (Hill Orc Fighter)              Turns: 1408, Time: 00:03:17

Health: -1/27      AC: 14    Str: 18    XL:     2   Next: 58%
Magic:  2/2        EV:  6    Int:  8    God:
Gold:   88         SH:  4    Dex: 10    Spells: 1/1 levels left

rFire   . . .      SeeInvis .   a - +0 war axe
rCold   . . .      Faith    .   c - +0 buckler
rNeg    . . .      Spirit   .   g - +0 chain mail
rPois   .          Reflect  .   i - +0 helmet
rElec   .          Harm     .   m - +2 cloak
rCorr   .          Rampage  .   f - +0 pair of gloves
Will    .....                   (no boots)
Stlth   ..........              (no amulet)
HPRegen 0.09/turn               (no ring)
MPRegen 0.08/turn               (no ring)

@: mighty
A: no striking features
a: no special abilities


You were on level 2 of the Dungeon.
You visited 1 branch of the dungeon, and saw 2 of its levels.

You collected 88 gold pieces.

Inventory:

Hand Weapons
 a - a +0 war axe (weapon)
Armour
 b - a +0 scale mail
 c - a +0 buckler (worn)
 f - a +0 pair of gloves (worn)
 g - a +0 chain mail (worn)
 i - a +0 helmet (worn)
 m - a +2 cloak (worn)
Scrolls
 e - 2 scrolls of teleportation {unknown}
 j - a scroll of amnesia {unknown}
 l - 2 scrolls of enchant weapon {unknown}
Potions
 h - a potion of curing {unknown}
 k - a potion of berserk rage {unknown}


   Skills:
 + Level 3.9 Fighting
 + Level 2.8 Axes
 + Level 3.7 Armour
 + Level 3.4 Shields


You had one spell level left.
You didn't know any spells.
Your spell library contained the following spells:

 Spells                   Type           Power      Damage    Failure   Level
 Necrotise                Necr           0%         1d4       100%        1
 Vampiric Draining        Necr           0%         2d6       100%        3
 Agony                    Necr           0%         N/A       100%        5


Dungeon Overview and Level Annotations

Branches:
Dungeon (2/15)

Altars:


Message History

You kill the hobgoblin!
You see here a hobgoblin corpse.
e - 2 scrolls labelled KIESSUPT TYAB (gained 1)
You now have 88 gold pieces (gained 10).
A gnoll comes into view.
It is wielding a +2 halberd of protection.
The gnoll shouts!
You hear a shout!
A rat comes into view.
A gnoll comes into view. It is wielding a +0 spear.
The gnoll shouts!
You hear a shout!
A gnoll comes into view. It is wielding a +0 club.
You block the gnoll's attack. The gnoll hits you but does no damage.
You barely miss the gnoll.
The gnoll hits you but does no damage. x2
You barely miss the gnoll. The gnoll hits you but does no damage.
You block the gnoll's attack.
The gnoll hits you from afar with a +2 halberd of protection!
The gnoll hits you but does no damage.
You hit the gnoll.
The gnoll is moderately wounded.
The gnoll hits you but does no damage.
The gnoll hits you from afar with a +2 halberd of protection.
You barely miss the gnoll.
The gnoll is moderately wounded.
The gnoll barely misses you. The gnoll closely misses you.
You slash the gnoll!
The gnoll is almost dead.
The gnoll hits you with a +0 spear.
The gnoll hits you from afar with a +2 halberd of protection. x2
* * * LOW HITPOINT WARNING * * *
The gnoll hits you but does no damage.
You feel very mighty all of a sudden.
A gnoll comes into view. It is wielding a +0 whip.
You block the gnoll's attack. The gnoll hits you but does no damage.
You closely miss the gnoll.
The gnoll is almost dead.
The gnoll hits you but does no damage. The gnoll barely misses you.
You slash the gnoll!
You kill the gnoll!
The gnoll barely misses you.
The gnoll hits you from afar with a +2 halberd of protection.
You die...

#.# #.#
##.## #...#
#..## #.##
#.#
#.#g####.#
#..gg)@..#
...#r######


You could see 3 gnolls and a rat.

Vanquished Creatures
  A gnoll (D:2)
  A bat (D:2)
  An endoplasm (D:1)
  A goblin (D:1)
  3 hobgoblins
  3 kobolds
  A quokka (D:1)
  A ball python (D:1)
  3 frilled lizards (D:1)
  A rat (D:1)
16 creatures vanquished.

Notes
Turn   | Place    | Note
-------+----------+-------------------------------------------
     0 | D:1      | hbarley the Hill Orc Fighter began the quest for the Orb.
     0 | D:1      | Reached XP level 1. HP: 19/19 MP: 1/1
   366 | D:1      | Found a faded altar of an unknown god.
   451 | D:1      | Reached XP level 2. HP: 19/27 MP: 2/2
  1408 | D:2      | Slain by a gnoll

Illustrated notes

Levels and vault maps discovered:
D:1:      dpeg_arrival_short_road, layout_basic, basic_ecumenical_altar
D:2:      layout_loops_cross, serial_shops, nicolae_shop_trees

Action                   || total
-------------------------++-------
Melee: War axe           ||    54
  Use: Potion            ||     1
Armor: Chain mail        ||    44
       Scale mail        ||     3
Dodge: Dodged            ||    18
Block: Buckler           ||     8
